 Dungeon Crawl Stone Soup version 0.31-a0-214-gb37851dbb3 (webtiles) character file.

Game seed: 7419778812634065900

448 holysushi the Poker (level 7, -5/52 HPs)
             Began as a Formicid Monk on July 2, 2023.
             Slain by an iguana (10 damage)
             ... on level 5 of the Dungeon.
             The game lasted 00:03:56 (3990 turns).

holysushi the Poker (Formicid Monk)                 Turns: 3990, Time: 00:03:57

Health: -5/52      AC:  3    Str: 15    XL:     7   Next: 24%
Magic:  7/7        EV: 13    Int: 10    God:
Gold:   176        SH:  0    Dex: 18    Spells: 6/6 levels left

rFire   . . .        a - +0 spear
rCold   + . .        d - orb {light}
rNeg    + . .        b - +0 robe
rPois   .            (helmet unavailable)
rElec   .            (no cloak)
rCorr   .            j - +0 pair of gloves
SInv    +            (no boots)
Will    .....        (no amulet)
Stlth   +            o - ring of protection from cold
HPRegen 0.28/turn    p - ring of positive energy
MPRegen 0.10/turn

%: no passive effects
@: glowing
A: permanent stasis, dig shafts and tunnels, antennae 3, four strong arms
a: Dig, Shaft Self


You were on level 5 of the Dungeon.
You visited 1 branch of the dungeon, and saw 5 of its levels.

You collected 176 gold pieces.

Inventory:

Hand Weapons
 a - a +0 spear (weapon)
Armour
 b - a +0 robe (worn)
 d - an orb of light (worn)
 j - a +0 pair of gloves (worn)
Magical Staves
 i - a staff of air
Jewellery
 o - a ring of protection from cold (left hand)
 p - a ring of positive energy (right hand)
Scrolls
 k - a scroll of identify
 l - a scroll of immolation {unknown}
Potions
 c - a potion of ambrosia
 e - a potion of curing
 g - a potion of magic {unknown}
 h - a potion of invisibility {unknown}
 n - a potion of attraction {unknown}


   Skills:
 - Level 3.2 Fighting
 + Level 7.7 Polearms
 - Level 2.6 Dodging


You had 6 spell levels left.
You didn't know any spells.
Your spell library contained the following spells:

 Spells                   Type           Power      Damage    Failure   Level
 Foxfire                  Conj/Fire      0%         2x1d4     36%         1
 Sting                    Tmut/Pois      0%         1d3       36%         1
 Cigotuvi's Dreadful Rot  Necr/Pois/Air  0%         N/A       50%         2
 Poisonous Vapours        Pois/Air       0%         N/A       50%         2
 Dazzling Flash           Conj/Hex       0%         N/A       75%         3
 Ignite Poison            Fire/Tmut/Pois 0%         N/A       75%         3
 Olgreb's Toxic Radiance  Pois           0%         N/A       98%         4
 Agony                    Necr           0%         N/A       100%        5
 Fireball                 Conj/Fire      0%         3d3       100%        5
 Freezing Cloud           Conj/Ice/Air   0%         6-21      100%        5
 Silence                  Hex/Air        0%         N/A       100%        5
 Plasma Beam              Fire/Air       0%         2x1d10    100%        6
 Starburst                Conj/Fire      0%         6d3       100%        6


Dungeon Overview and Level Annotations

Branches:
Dungeon (5/15) Zot: 26070
 Temple: D:4-7

Altars:
Xom
Zin


Innate Abilities, Weirdness & Mutations

You cannot be hasted, slowed, berserked, paralysed or teleported.
You can dig through walls and to a lower floor.
You have a pair of large antennae on your head. (SInv)
Your four strong arms can wield two-handed weapons with a shield.


Message History

The black bear is severely wounded.
The black bear bites you but does no damage.
The black bear barely misses you. The black bear misses you.
You hit the black bear.
The black bear is almost dead.
The black bear closely misses you. x3
You hit the black bear but do no damage.
The black bear is almost dead.
The black bear misses you. The black bear claws you.
The black bear closely misses you. The black bear bites you!
The black bear closely misses you. The black bear claws you.
You barely miss the black bear.
The black bear is almost dead.
The black bear closely misses you.
The black bear claws you but does no damage.
The black bear barely misses you.
You hit the black bear.
You kill the black bear!
You have reached level 7!
You hit the iguana.
The iguana is lightly wounded.
You hit the iguana but do no damage.
The iguana is lightly wounded.
The iguana bites you.
You completely miss the iguana.
The iguana is lightly wounded.
The iguana bites you.
You barely miss the iguana.
The iguana is lightly wounded.
The iguana barely misses you.
You hit the iguana.
The iguana is moderately wounded.
You hit the iguana.
The iguana is heavily wounded.
The iguana bites you!
* * * LOW HITPOINT WARNING * * *
You hit the iguana.
The iguana is severely wounded.
The iguana bites you!
You die...

##.#.#l # ..#.#.##### #
.........## #
.####........# # # ##
....>..#...# .# #.#.
#.....# ..## #### ..
#.#..## #... .... #
#....l###.. #.#.. #
..?......##@#.# ...###
#..#########.# #..#
...# #............#
#..# #.# #.......#####
#..# #.. #.####.#######
####..#.###. ##.###...
...<.#....# #...##.####
#...#####.
#.........####...#####.
#...##.................


You could see an iguana.

Vanquished Creatures
  A black bear (D:5)
  2 phantoms
  2 sleepcaps (D:5)
  4 gnolls
  3 adders
  A worm (D:3)
  3 dart slugs
  8 orcs
  10 ball pythons
  5 endoplasms
  6 giant cockroaches
  4 goblins
  4 hobgoblins
  3 jackals (D:4)
  4 kobolds
  6 quokkas
  7 bats
  2 frilled lizards
  5 rats
80 creatures vanquished.

Notes
Turn   | Place    | Note
-------+----------+-------------------------------------------
     0 | D:1      | holysushi the Formicid Monk began the quest for the Orb.
     0 | D:1      | Reached XP level 1. HP: 18/18 MP: 1/1
   173 | D:1      | Reached XP level 2. HP: 24/24 MP: 2/2
   470 | D:1      | Reached skill level 4 in Polearms
   470 | D:1      | Reached XP level 3. HP: 26/29 MP: 3/3
  1242 | D:2      | Reached XP level 4. HP: 35/35 MP: 4/4
  1282 | D:2      | Reached skill level 5 in Polearms
  1317 | D:2      | Found a faded altar of an unknown god.
  2150 | D:3      | Reached XP level 5. HP: 37/41 MP: 5/5
  2314 | D:3      | Found a shimmering altar of Xom.
  3050 | D:4      | Noticed a phantom
  3082 | D:4      | Killed a phantom
  3083 | D:4      | Reached skill level 6 in Polearms
  3083 | D:4      | Reached XP level 6. HP: 23/47 MP: 6/6
  3543 | D:5      | Entered Level 5 of the Dungeon
  3576 | D:5      | Found a glowing silver altar of Zin.
  3700 | D:5      | Reached skill level 7 in Polearms
  3958 | D:5      | Noticed a black bear
  3983 | D:5      | Killed a black bear
  3984 | D:5      | Reached XP level 7. HP: 20/52 MP: 7/7
  3990 | D:5      | Slain by an iguana

Illustrated notes

Levels and vault maps discovered:
D:1:      dpeg_arrival_arbitrary_c, layout_basic, minmay_hedge_maze
D:2:      layout_loops_ring, basic_ecumenical_altar
D:3:      layout_basic, lemuel_tele_altar
D:4:      layout_cave_pods, lightli_temple_of_fire
D:5:      layout_loops_ring, old_standard_altar

Skill      XL: |  1  2  3  4  5  6 |
---------------+-------------------+-----
Polearms       | 4 5 6 7 |  7.7
Fighting       | |  3.2
Dodging        | |  2.6

Action                     |  1- 3 |  4- 6 |  7- 9 || total
---------------------------+-------+-------+-------++-------
  Melee: Spear             |   103 |   252 |     7 ||   362
    Use: Potion            |     3 |     3 |       ||     6
         Scroll            |     1 |     3 |       ||     4
 Armour: Robe              |     9 |    27 |       ||    36
         Skin              |     2 |    27 |       ||    29
  Dodge: Dodged            |    52 |   119 |     1 ||   172

Table legend: (Time is in decaauts)
 A = Elapsed time spent in this place.
 B = Non-inter-level travel time spent in this place.
 C = Inter-level travel time spent in this place.
 D = Time resting spent in this place.
 E = Time spent auto-exploring this place.
 F = Levels seen in this place.
 G = Mean time per level.
                   A        B        C        D        E       F      G
               +--------+--------+--------+--------+--------+-----+--------+
         Total |   3928 |   3750 |    178 |    328 |   2684 |   5 |  785.6 |
       Dungeon |   3928 |   3750 |    178 |    328 |   2684 |   5 |  785.6 |
               +--------+--------+--------+--------+--------+-----+--------+

Top non-repeatable levels by time:
     D:1: 1206 daAuts
     D:3: 1009 daAuts
     D:2: 678 daAuts
     D:4: 614 daAuts
     D:5: 420 daAuts
